 Dungeon Crawl Stone Soup version 0.31-a0-716-gc7603755dd (webtiles) character file.

Game seed: 8761346007666539850

54 Zonian the Covered (level 3, -3/33 HPs)
             Began as an Armataur Fighter on Sept 10, 2023.
             Slain by an orc
             ... wielding a +0 falchion
              (7 damage)
             ... on level 4 of the Dungeon.
             The game lasted 00:01:29 (1090 turns).

Zonian the Covered (Armataur Fighter)               Turns: 1090, Time: 00:01:29

Health: -3/33      AC:  7    Str: 23    XL:     3   Next: 66%
Magic:  3/3        EV:  7    Int:  8    God:
Gold:   34         SH:  4    Dex:  9    Spells: 2/2 levels left

rFire   + . .        a - +0 war axe
rCold   + . .        c - +0 buckler
rNeg    . . .        b - +0 scale mail
rPois   +            (no helmet)
rElec   +            (no cloak)
rCorr   +            (no gloves)
SInv    .            (no barding)
Will    .....        (no amulet) Stlth
                     (no ring)
HPRegen 0.25/turn    (no ring)
MPRegen 0.08/turn

%: roll
@: resistant
A: large, rugged brown scales 3, deformed body, armoured tail, roll, long
tongue, awkward tongue
a: no special abilities


You were on level 4 of the Dungeon.
You visited 1 branch of the dungeon, and saw 3 of its levels.

You collected 34 gold pieces.

Inventory:

Hand Weapons
 a - a +0 war axe (weapon)
 f - a +1 short sword of venom
Armour
 b - a +0 scale mail (worn)
 c - a +0 buckler (worn)
Scrolls
 e - 2 scrolls of identify {unknown}
 g - a scroll of poison {unknown}
 j - a scroll of noise {unknown}
Potions
 d - a potion of might
 h - a potion of enlightenment {unknown}


   Skills:
 + Level 3.1 Fighting
 + Level 2.1 Axes
 + Level 4.2 Armour
 + Level 3.8 Shields


You had 2 spell levels left.
You didn't know any spells.
Your spell library was empty.

Dungeon Overview and Level Annotations

Branches:
Dungeon (2/15)

Altars:


Innate Abilities, Weirdness & Mutations

You are completely covered in rugged brown scales. (AC +3, +7% HP)
Armour fits poorly on your strangely shaped body.
You have a long armoured tail.
You roll when moving toward enemies. (Rampage)
Your long tongue fully drains potion bottles. (2x potion effects)
Your tongue gives you trouble enunciating. (1.5x scroll delay)


Message History

* * * LOW HITPOINT WARNING * * *
Your Axes skill increases to level 2!
Your Armour skill increases to level 4!
You have reached level 3!
Your experience leads to an increase in your attributes!
Increase (S)trength, (I)ntelligence, or (D)exterity?
You feel stronger. x2
Unknown command.
You slash the orc!
You kill the orc!
Unknown command.
You hit the orc but do no damage. The orc hits you with a +0 dagger.
* * * LOW HITPOINT WARNING * * *
The orc closely misses you.
You closely miss the orc. You block the orc's attack.
You hit the orc but do no damage. The orc hits you but does no damage.
The orc barely misses you.
You closely miss the orc. The orc hits you but does no damage.
You barely miss the orc. The orc hits you but does no damage. x2
You hit the orc.
The orc is almost dead.
The orc hits you with a +0 dagger.
* * * LOW HITPOINT WARNING * * *
You hit the orc but do no damage. You tail-slap the orc.
You kill the orc!
You closely miss the orc. You block the orc's attack.
The orc hits you with a +0 hand axe.
* * * LOW HITPOINT WARNING * * *
You closely miss the orc. The orc hits you but does no damage.
You barely miss the orc. The orc hits you but does no damage.
The orc hits you with a +0 hand axe.
* * * LOW HITPOINT WARNING * * *
It was a potion of resistance.
You feel protected.
You slurp down every last drop of the potion of resistance!
The orc hits you with a +0 hand axe.
* * * LOW HITPOINT WARNING * * *
You slash the orc!
You kill the orc!
You closely miss the orc. The orc hits you with a +0 falchion!
You die...

#.# #.# # #.#
.. #.# ... #.#
.... #.# .....
#.#
......#######.#
......o@......#
......#########
..... ###+


You could see an orc.

Vanquished Creatures
  An orc wizard (D:4)
  4 orcs (D:4)
  3 bats (D:1)
  A giant cockroach (D:1)
  A goblin (D:1)
  3 hobgoblins (D:1)
  2 jackals (D:1)
  4 kobolds (D:1)
  A quokka (D:1)
  A ball python (D:1)
  3 rats (D:1)
24 creatures vanquished.

Notes
Turn   | Place    | Note
-------+----------+-------------------------------------------
     0 | D:1      | Zonian the Armataur Fighter began the quest for the Orb.
     0 | D:1      | Reached XP level 1. HP: 19/19 MP: 1/1
   201 | D:1      | Reached XP level 2. HP: 26/26 MP: 2/2
   992 | D:1      | Found a faded altar of an unknown god.
  1037 | D:2      | You fall into a shaft and drop 2 floors!
  1077 | D:4      | Reached skill level 4 in Armour
  1077 | D:4      | Reached XP level 3. HP: 7/33 MP: 3/3
  1090 | D:4      | Slain by an orc

Illustrated notes

Levels and vault maps discovered:
D:1:      amcnicky_arrival_choice, layout_loops_ring,
          hellmonk_ecumenical_altar_inner_sanctum, minivault_4,
          kennysheep_nondescript
D:2:      layout_basic, kennysheep_generic_room_2, uniq_sigmund
D:4:      layout_basic, serial_rivers, chequers_serial_rivers_micro_b,
          chequers_serial_rivers_small_b, chequers_serial_rivers_large_a,
          chequers_serial_rivers_micro_a, chequers_serial_rivers_micro_b,
          minmay_mini_ossuary, uniq_edmund, uniq_ijyb

Skill      XL: |  1  2 |
---------------+-------+-----
Fighting       | 3 |  3.1
Axes           | 2 |  2.1
Armour         | 4 |  4.2
Shields        | |  3.8

Action                     || total
---------------------------++-------
  Melee: War axe           ||    85
         Tailslap          ||     4
    Use: Potion            ||     1
 Armour: Scale mail        ||    65
  Dodge: Dodged            ||    29
  Block: Buckler           ||    17

Table legend: (Time is in decaauts)
 A = Elapsed time spent in this place.
 B = Non-inter-level travel time spent in this place.
 C = Inter-level travel time spent in this place.
 D = Time resting spent in this place.
 E = Time spent auto-exploring this place.
 F = Levels seen in this place.
 G = Mean time per level.
                   A        B        C        D        E       F      G
               +--------+--------+--------+--------+--------+-----+--------+
         Total |   1126 |   1103 |     23 |    253 |    662 |   3 |  375.3 |
       Dungeon |   1126 |   1103 |     23 |    253 |    662 |   3 |  375.3 |
               +--------+--------+--------+--------+--------+-----+--------+

Top non-repeatable levels by time:
     D:1: 1046 daAuts
     D:4: 64 daAuts
     D:2: 15 daAuts
